 Dungeon Crawl Stone Soup version 0.31-a0-868-g674d60d6f7 (webtiles) character file.

Game seed: 3620470621420017211

2991 Newt the Trooper (level 9, -2/72 HPs)
             Began as a Demonspawn Gladiator on Oct 11, 2023.
             Slain by Amaemon
             ... wielding a +0 demon whip of venom
              (5 damage)
             ... on level 8 of the Dungeon.
             The game lasted 00:05:17 (5656 turns).

Newt the Trooper (Demonspawn Gladiator)             Turns: 5656, Time: 00:05:18

Health: -2/72      AC:  8    Str: 19    XL:     9   Next: 54%
Magic:  18/18      EV: 12    Int: 15    God:
Gold:   358        SH:  0    Dex: 14    Spells: 8/8 levels left

rFire   + . .        F - +9 war axe of Checkmate {heavy, rN++ Int+5}
rCold   + . .        (no shield)
rNeg    + + .        G - +2 leather armour {rC+}
rPois   .            c - +0 helmet
rElec   .            f - scarf "Nuec" {repulsion, rF+}
rCorr   .            h - +1 pair of gloves
SInv    .            (no boots)
Will    .....        (no amulet)
Stlth   +            g - ring of magical power
HPRegen 0.32/turn    (no ring)
MPRegen 0.16/turn

%: repel missiles
@: lethally poisoned (-2 -> -17), weakened
A: spiny 2, weakness stinger 1
a: no special abilities


You were on level 8 of the Dungeon.
You visited 1 branch of the dungeon, and saw 8 of its levels.

You collected 358 gold pieces.

Inventory:

Hand Weapons
 a - a +0 rapier
 r - the +2 quarterstaff of Turmoil {venom, rF+ rCorr}
   (You found it on level 3 of the Dungeon)

   rF+:       It protects you from fire.
   rCorr:     It protects you from acid and corrosion.
 A - a +4 flail of electrocution
 F - the +9 war axe of Checkmate (weapon) {heavy, rN++ Int+5}
   (You found it on level 7 of the Dungeon)

   Int+5:     It affects your intelligence (+5).
   rN++:      It greatly protects you from negative energy.
Missiles
 d - 3 throwing nets (quivered)
 e - a javelin
 k - 10 poisoned darts
 D - 6 boomerangs
Armour
 b - a +0 leather armour
 c - a +0 helmet (worn)
 f - the scarf "Nuec" (worn) {repulsion, rF+}
   (You acquired it on level 2 of the Dungeon)

   rF+:       It protects you from fire.
 h - a +1 pair of gloves (worn)
 q - the +1 ring mail of Intuition {Rampage}
   (You found it on level 3 of the Dungeon)

   Rampage:   It bestows one free step when moving towards enemies.
 G - a +2 leather armour of cold resistance (worn)
Jewellery
 g - a ring of magical power (left hand)
Wands
 w - a wand of iceblast (3)
 x - a wand of flame (35)
 C - a wand of digging (7)
Scrolls
 i - a scroll of amnesia {unknown}
 l - a scroll of fear {unknown}
 n - a scroll of blinking {unknown}
 o - a scroll of immolation {unknown}
 p - a scroll of brand weapon
 u - 2 scrolls of noise {unknown}
 y - a scroll of poison
 z - 3 scrolls of fog {unknown}
 B - a scroll of vulnerability {unknown}
Potions
 j - 2 potions of enlightenment
 m - 2 potions of lignification
 s - a potion of heal wounds
 t - 3 potions of brilliance
 v - a potion of magic
 E - a potion of curing {unknown}


   Skills:
 - Level 7.0 Fighting
 - Level 3.5 Short Blades
 + Level 1.1(4.3) Axes
 - Level 6.7(7.5) Maces & Flails
 - Level 5.0(6.6) Staves
 - Level 1.7 Throwing
 - Level 4.0 Armour
 - Level 2.6 Dodging
 - Level 3.5 Evocations


You had 8 spell levels left.
You didn't know any spells.
Your spell library contained the following spells:

 Spells                   Type           Power      Damage    Failure   Level
 Apportation              Tloc           0%         N/A       30%         1
 Necrotise                Necr           0%         1d4       30%         1
 Summon Small Mammal      Summ           0%         N/A       30%         1


Dungeon Overview and Level Annotations

Branches:
Dungeon (8/15)             Temple (0/1) D:4
   Lair: D:8-11

Altars:
Cheibriados
Dithmenos
Gozag
Trog
Vehumet

Shops:
D:6 :

Annotations:
D:8 Amaemon


Innate Abilities, Weirdness & Mutations

You are mostly covered in sharp spines.
You have a small tail.


Message History

You slash Amaemon!
Amaemon is heavily wounded.
You slash the orange demon!
The orange demon is struck by your spines.
The orange demon misses you. The orange demon hits you.
Amaemon is struck by your spines. Amaemon barely misses you.
Amaemon claws you but does no damage.
Amaemon tail-slaps you but does no damage.
Amaemon is struck by your spines. Amaemon barely misses you. Amaemon claws you!
Amaemon closely misses you. The orange demon closely misses you.
The orange demon hits you.
You slash Amaemon!
Amaemon is severely wounded.
You slash the orange demon! The orange demon barely misses you.
The orange demon hits you but does no damage.
Amaemon is struck by your spines.
Amaemon hits you with a +0 demon whip of venom!
You are poisoned.
Amaemon claws you.
Amaemon tail-slaps you but does no damage.
Amaemon gestures wildly while chanting.
The orange demon is struck by your spines.
The orange demon misses you. The orange demon hits you.
You closely miss Amaemon.
Amaemon is severely wounded.
You hit the orange demon.
You feel very sick. The orange demon closely misses you.
The orange demon hits you.
* * * LOW HITPOINT WARNING * * *
You feel as though you will be weak longer.
Amaemon closely misses you. Amaemon claws you.
* * * LOW HITPOINT WARNING * * *
Amaemon tail-slaps you.
* * * LOW HITPOINT WARNING * * *
Amaemon is struck by your spines.
Amaemon hits you with a +0 demon whip of venom.
* * * LOW HITPOINT WARNING * * *
You are more poisoned.
Amaemon claws you.
You die...

#...... ##....##
.. #......##...
##.......#..
###............
##...<......##..
#)..............
#...............
##.#...s@.......
####...64......
#...........
#.......###.
####.....#
........
##.....#. .#####


You could see Amaemon, an orange demon (curare) and a scorpion (summoned).

Vanquished Creatures
  Pikel (D:4)
  Eustachio (D:4)
  Menkaure (D:7)
  A water moccasin (D:6)
  An orc warrior (D:7)
  2 ogres (D:6)
  An ice beast (D:7)
  A black bear (D:6)
  A phantom (D:6)
  2 lemures (D:4)
  A kobold brigand (D:6)
  Blork the orc (D:4)
  4 bullfrogs
  2 scorpions
  2 jellies
  3 wights (D:6)
  4 howler monkeys (D:7)
  5 hounds
  3 orc priests (D:7)
  A gnoll bouda (D:7)
  2 iguanas (D:6)
  5 orc wizards
  Natasha (twice) (D:4)
  4 gnolls (D:7)
  4 adders
  A white imp (D:6)
  A worm (D:2)
  3 dart slugs
  22 orcs
  7 ball pythons
  7 bats
  7 endoplasms
  A giant cockroach (D:3)
  4 goblins
  7 hobgoblins
  3 jackals (D:4)
  10 kobolds
  4 quokkas
  A frilled lizard (D:1)
  3 rats
136 creatures vanquished.

Notes
Turn   | Place    | Note
-------+----------+-------------------------------------------
     0 | D:1      | Newt the Demonspawn Gladiator began the quest for the Orb.
     0 | D:1      | Reached XP level 1. HP: 16/16 MP: 1/1
   399 | D:1      | Gained mutation: You are partially covered in sharp spines.
                  | [demonic ancestry]
   399 | D:1      | Reached XP level 2. HP: 23/23 MP: 2/2
   778 | D:1      | Reached skill level 3 in Fighting
  1181 | D:2      | Identified a scroll of acquirement
  1181 | D:2      | Acquired the scarf "Nuec" {repulsion, rF+}
  1351 | D:2      | Reached XP level 3. HP: 29/29 MP: 3/3
  1460 | D:2      | Reached skill level 4 in Fighting
  1722 | D:3      | Reached XP level 4. HP: 37/37 MP: 4/4
  1900 | D:3      | Identified the +1 ring mail of Intuition {Rampage}
  1905 | D:3      | Identified the +2 quarterstaff of Turmoil {venom, rF+
                  | rCorr}
  2192 | D:4      | Noticed a scorpion
  2196 | D:4      | Killed a scorpion
  2197 | D:4      | Reached XP level 5. HP: 42/42 MP: 5/5
  2205 | D:4      | Found a staircase to the Ecumenical Temple.
  2339 | D:4      | Noticed Blork the orc
  2341 | D:4      | Noticed a lemure
  2342 | D:4      | Noticed a lemure
  2345 | D:4      | Killed Blork the orc
  2357 | D:4      | Killed a lemure
  2365 | D:4      | Killed a lemure
  2401 | D:4      | Noticed a lemure
  2405 | D:4      | Noticed Natasha
  2407 | D:4      | Noticed Pikel
  2411 | D:4      | Noticed a lemure
  2419 | D:4      | Killed Pikel
  2420 | D:4      | Reached skill level 5 in Staves
  2420 | D:4      | Gained mutation: You are mostly covered in sharp spines.
                  | [demonic ancestry]
  2420 | D:4      | Reached XP level 6. HP: 10/48 MP: 6/6
  2420 | D:4      | Reached XP level 7. HP: 12/54 MP: 7/7
  2420 | D:4      | Killed Natasha
  2733 | D:4      | Found a radiant altar of Vehumet.
  2778 | D:4      | Noticed Natasha
  2781 | D:4      | Killed Natasha
  2831 | D:4      | Noticed Eustachio
  2838 | D:4      | Killed Eustachio
  2839 | D:4      | Reached skill level 5 in Fighting
  2962 | D:5      | Entered Level 5 of the Dungeon
  3055 | D:5      | Found a bloodstained altar of Trog.
  3061 | D:5      | Found an opulent altar of Gozag.
  3064 | D:5      | Found a snail-covered altar of Cheibriados.
  3113 | D:5      | Found a shadowy altar of Dithmenos.
  3139 | D:5      | Reached XP level 8. HP: 58/63 MP: 8/8
  3530 | D:5      | Reached skill level 6 in Fighting
  3774 | D:6      | Reached skill level 7 in Fighting
  3802 | D:6      | Found Mowkiwk's Self-Improvement Boutique.
  4100 | D:6      | Reached skill level 1 in Maces & Flails
  4388 | D:6      | Gained mutation: You have a small tail. [demonic ancestry]
  4388 | D:6      | Reached XP level 9. HP: 41/72 MP: 9/9
  4971 | D:7      | Reached skill level 5 in Maces & Flails
  5149 | D:7      | Noticed Menkaure
  5153 | D:7      | Killed Menkaure
  5285 | D:7      | Identified the +9 war axe of Checkmate {heavy, rN++ Int+5}
  5355 | D:7      | Reached skill level 1 in Axes
  5649 | D:8      | Noticed Amaemon
  5649 | D:8      | Noticed an orange demon
  5656 | D:8      | HP: 3/72 [Amaemon/+0 demon whip of venom (6)]
  5656 | D:8      | Slain by Amaemon

Illustrated notes

Levels and vault maps discovered:
D:1:      saegor_arrival_under_anarchy, layout_basic
D:2:      layout_rooms, kennysheep_another_room
D:3:      layout_rooms
D:4:      layout_basic, vehumet_crystals, minmay_temple_entry_antechambers,
          uniq_blork_the_orc, uniq_pikel, uniq_natasha, uniq_eustachio
D:5:      layout_gridville, minmay_overflow_temple_star_quad,
          grunt_dithmenos_smoke_and_mirrors
D:6:      layout_basic, nicolae_shop_self_help
D:7:      layout_gridville, uniq_menkaure
D:8:      layout_cave_pools, uniq_amaemon, uniq_erica

Skill      XL: |  1  2  3  4  5  6  7  8  9 |
---------------+----------------------------+-----
Fighting       | 3 4 5 7 |  7.0
Short Blades   | 3 |  3.5
Staves         | 2 5 |  5.0
Armour         | 3 4 |  4.0
Evocations     | 3 |  3.5
Maces & Flails | 3 6 |  6.7
Axes           | 1 |  1.1
Throwing       | |  1.7
Dodging        | |  2.6

Action                     |  1- 3 |  4- 6 |  7- 9 || total
---------------------------+-------+-------+-------++-------
  Melee: Rapier            |    90 |    19 |       ||   109
         Punch             |     1 |       |     4 ||     5
         Quarterstaff      |       |    45 |    55 ||   100
         Flail             |       |       |   100 ||   100
         Tailslap          |       |       |    17 ||    17
         War axe           |       |       |     5 ||     5
  Evoke: Wand              |       |       |     1 ||     1
    Use: Scroll            |     3 |       |     5 ||     8
         Potion            |     1 |       |     1 ||     2
   Stab: Sleeping          |     2 |       |       ||     2
 Armour: Leather armour    |    41 |     6 |    20 ||    67
         Ring mail         |       |    28 |    98 ||   126
  Dodge: Dodged            |    45 |    33 |    77 ||   155
         Repelled          |     2 |     2 |     2 ||     6

Table legend: (Time is in decaauts)
 A = Elapsed time spent in this place.
 B = Non-inter-level travel time spent in this place.
 C = Inter-level travel time spent in this place.
 D = Time resting spent in this place.
 E = Time spent auto-exploring this place.
 F = Levels seen in this place.
 G = Mean time per level.
                   A        B        C        D        E       F      G
               +--------+--------+--------+--------+--------+-----+--------+
         Total |   5686 |   5499 |    187 |   1102 |   3611 |   8 |  710.8 |
       Dungeon |   5686 |   5499 |    187 |   1102 |   3611 |   8 |  710.8 |
               +--------+--------+--------+--------+--------+-----+--------+

Top non-repeatable levels by time:
     D:1: 1180 daAuts
     D:6: 994 daAuts
     D:7: 977 daAuts
     D:4: 785 daAuts
     D:5: 727 daAuts
     D:2: 542 daAuts
     D:3: 468 daAuts
     D:8: 9 daAuts
